 Dungeon Crawl Stone Soup version 0.27.1-2-g3b301248ec (webtiles) character file.

Game seed: 6654078235488523725

469 nxtlvl the Cudgeller (level 7, -5/45 HPs)
             Began as a Formicid Artificer on Sept 26, 2021.
             Was a Follower of Hepliaklqana.
             Slain by a wyvern zombie (7 damage)
             ... on level 5 of the Dungeon.
             The game lasted 00:17:16 (1273 turns).

nxtlvl the Cudgeller (Formicid Artificer)           Turns: 1273, Time: 00:17:17

Health: -5/45      AC: 10    Str: 17    XL:     7   Next: 30%
Magic:  7/7        EV:  5    Int: 10    God:    Hepliaklqana [*.....]
Gold:   88         SH:  0    Dex: 13    Spells: 6/6 levels left

rFire    . . .     SeeInvis +   a - +1 mace
rCold    . . .     Faith    .   (no shield)
rNeg     . . .     Spirit   .   b - +0 plate armour
rPois    .         Reflect  .   (helmet unavailable)
rElec    .         Harm     .   (no cloak)
rCorr    .         Rampage  .   (no gloves)
Will     .....                  (no boots)
Stlth    ..........             (no amulet)
HPRegen  0.15/turn              t - ring of flight
MPRegen  0.10/turn              (no ring)

@: flying
A: reduced essence, permanent stasis, dig shafts and tunnels, antennae 3, four
strong arms
a: Dig, Shaft Self, Renounce Religion, Recall Ancestor, Ancestor Identity


You were on level 5 of the Dungeon.
You worshipped Hepliaklqana.
Hepliaklqana was aware of your devotion.
You visited 2 branches of the dungeon, and saw 6 of its levels.
You also visited: Sewer.

You collected 88 gold pieces.

Inventory:

Hand Weapons
 a - a +1 mace (weapon)
Missiles
 f - 9 arrows
 h - 23 bolts
 m - 23 poisoned darts (quivered)
 v - 4 javelins
Armour
 b - a +0 plate armour (worn)
Magical Staves
 r - a staff of air
Jewellery
 t - a ring of flight (left hand)
Wands
 d - a wand of charming (9)
Scrolls
 j - a scroll of enchant armour
 k - a scroll of enchant weapon
 l - a scroll of silence {unknown}
 o - a scroll of blinking {unknown}
Potions
 c - a potion of berserk rage {unknown}
 g - a potion of degeneration {unknown}
 i - a potion of curing {unknown}
 n - a potion of magic {unknown}
 p - 2 potions of haste {unknown}
 q - a potion of invisibility {unknown}
 u - 2 potions of resistance {unknown}
Miscellaneous
 e - a piece from Xom's chessboard (1/15)


   Skills:
 + Level 2.2 Fighting
 * Level 6.6 Maces & Flails
 - Level 2.1 Armour
 - Level 0.8 Dodging
 - Level 1.2 Stealth
 - Level 3.5 Evocations


You had 6 spell levels left.
You didn't know any spells.
Your spell library was empty.

Dungeon Overview and Level Annotations

Branches:
Dungeon (5/15)             Temple (1/1) D:4           Sewer (visited)

Altars:
Ashenzari
Cheibriados
Gozag
Hepliaklqana
Kikubaaqudgha
Makhleb
Ru
Sif Muna
Vehumet
Xom

Shops:
D:4 =


Innate Abilities, Weirdness & Mutations

Your life essence is reduced to manifest your ancestor. (-10% HP)
You cannot be hasted, slowed, berserked, paralysed or teleported.
You can dig through walls and to a lower floor.
You have a pair of large antennae on your head. (SInv)
Your four strong arms can wield two-handed weapons with a shield.


Message History

Unknown command.
Search for what [? for help]? shop
Okay, then.
Found 7 gold pieces.
A wyvern zombie comes into view.
You make a move on Xom's chessboard...
The wyvern zombie barely resists.
You make a move on Xom's chessboard...
The wyvern zombie struggles to resist.
The wyvern zombie bites you but does no damage.
Chakide barely misses the wyvern zombie.
The wyvern zombie bites you.
Unknown command.
You hit the wyvern zombie.
The wyvern zombie is lightly damaged.
The wyvern zombie bites you!
Chakide barely misses the wyvern zombie.
You make a move on Xom's chessboard...
The wyvern zombie struggles to resist.
The wyvern zombie bites you but does no damage.
Chakide barely misses the wyvern zombie.
You make a move on Xom's chessboard...
The wyvern zombie barely resists.
The wyvern zombie bites you but does no damage.
Chakide barely misses the wyvern zombie.
The wyvern zombie barely misses you.
You make a move on Xom's chessboard...
The wyvern zombie barely resists.
The wyvern zombie bites you!
Chakide hits the wyvern zombie.
The wyvern zombie bites Chakide!
Chakide completely misses the wyvern zombie.
Chakide hits the wyvern zombie.
You make a move on Xom's chessboard...
The wyvern zombie struggles to resist.
Chakide barely misses the wyvern zombie.
The wyvern zombie bites you!
* * * LOW HITPOINT WARNING * * *
Unknown command.
You make a move on Xom's chessboard...
The wyvern zombie falls asleep!
The wyvern zombie bites you!
* * * LOW HITPOINT WARNING * * *
Chakide barely misses the wyvern zombie.
Unknown command.
You make a move on Xom's chessboard...
The wyvern zombie seems to speed up.
The wyvern zombie bites you!
You die...

######.#..(.......##
...........(.......#
.........#.........##
........##..........#
...............<..#.#
...............<..#.## #
........###.......#..##.##
........# #...............
##.#...## ######@Z.#.##.
.......# #..R...# .......#
###.#....# .......#
#.##...# .......# #.. .$.#
.......# #..# ..# .......#
#... .... .......# ###..
.... ######## .. ....


You could see the friendly Chakide the ancestor and a wyvern zombie (fast, ally
target).

Vanquished Creatures
  An ogre (D:5)
  A phantom (D:4)
  A scorpion (D:5)
  4 hounds (D:4)
  A jelly (D:4)
  A bullfrog skeleton (D:4)
  3 adders (Sewer)
  A white imp (D:5)
  An ufetubus (D:4)
  An adder skeleton (D:4)
  A dart slug (D:4)
  4 ball pythons (Sewer)
  A giant cockroach (D:4)
  2 goblins
  2 hobgoblins (D:4)
  8 jackals (Sewer)
  4 kobolds
  4 quokkas
  A frilled lizard (Sewer)
  2 rats
44 creatures vanquished.

Vanquished Creatures (collateral kills)
  A hobgoblin (D:4)
  A jackal (Sewer)
  4 kobolds (Sewer)
6 creatures vanquished.

Vanquished Creatures (others)
  An adder (Sewer)
  An ancestor (D:5)
  A quokka (D:4)
  9 plants (Sewer)
12 creatures vanquished.

Grand Total: 62 creatures vanquished

Notes
Turn   | Place    | Note
-------+----------+-------------------------------------------
     0 | D:1      | nxtlvl the Formicid Artificer began the quest for the Orb.
     0 | D:1      | Reached XP level 1. HP: 15/15 MP: 1/1
    12 | D:2      | You fall into a shaft and drop 1 floor!
    78 | D:4      | Found Hiqi's Jewellery Boutique.
    83 | D:4      | Noticed a hound
    87 | D:4      | Killed a hound
    88 | D:4      | Reached skill level 2 in Maces & Flails
    88 | D:4      | Reached XP level 2. HP: 20/21 MP: 2/2
    88 | D:4      | Reached XP level 3. HP: 25/26 MP: 3/3
    92 | D:4      | Noticed a phantom
   105 | D:4      | Killed a phantom
   106 | D:4      | Reached skill level 4 in Maces & Flails
   106 | D:4      | Reached XP level 4. HP: 31/32 MP: 4/4
   106 | D:4      | Reached XP level 5. HP: 36/37 MP: 5/5
   126 | D:4      | Found a staircase to the Ecumenical Temple.
   162 | Temple   | Entered the Ecumenical Temple
   204 | Temple   | Became a worshipper of Hepliaklqana the Forgotten
   306 | D:4      | Found a glowing drain.
   310 | Sewer    | Entered a sewer
   595 | Sewer    | Reached skill level 5 in Maces & Flails
   639 | Sewer    | Reached XP level 6. HP: 28/43 MP: 6/6
  1045 | D:4      | Reached * piety under Hepliaklqana
  1061 | D:5      | Entered Level 5 of the Dungeon
  1061 | D:5      | Noticed an ogre
  1125 | D:4      | Reached skill level 6 in Maces & Flails
  1196 | D:5      | Killed an ogre
  1197 | D:5      | Reached XP level 7. HP: 41/44 MP: 7/7
  1272 | D:5      | HP: 2/45 [wyvern zombie (10)]
  1273 | D:5      | Slain by a wyvern zombie

Illustrated notes

Levels and vault maps discovered:
D:1:      onia_arrival_handbag, layout_loops_ring,
          hellmonk_ecumenical_altar_lost_god, minmay_misc_feat_iff,
          chequers_serial_rivers_small_a, minmay_misc_feat_tower, st_stairs_10
D:2:      layout_loops_ring, basic_altar
D:3:      layout_loops_corners, okawaru_altar_gauntlet_db,
          uniq_crazy_yiuf_cottage
D:4:      layout_basic, minmay_temple_entry_glass, serial_shops,
          nicolae_shop_stone, gup_sewer_entry_bowl
D:5:      layout_rooms
Temple:   jpeg_temple_alley_garden

Skill      XL: |  1  2  3  4  5  6  7 |
---------------+----------------------+-----
Maces & Flails | 2 4 5 6 |  6.6
Fighting       | 2 |  2.2
Armour         | |  2.1
Dodging        | |  0.8
Stealth        | |  1.2
Evocations     | |  3.5

Action                   |  1- 3 |  4- 6 |  7- 9 || total
-------------------------+-------+-------+-------++-------
Melee: Club              |     8 |     7 |       ||    15
       Mace              |       |   139 |     5 ||   144
Throw: Dart              |       |     1 |     2 ||     3
 Abil: Shaft Self        |     1 |       |       ||     1
       Dig               |       |     5 |     1 ||     6
Evoke: Wand              |     9 |    12 |       ||    21
       Piece from Xom's  |     4 |    12 |     8 ||    24
  Use: Scroll            |       |     3 |       ||     3
 Stab: Paralysed         |     3 |     2 |       ||     5
       Distracted        |       |     1 |       ||     1
       Sleeping          |       |     1 |       ||     1
Armor: Leather armour    |       |    25 |       ||    25
       Plate armour      |       |    23 |     4 ||    27
Dodge: Dodged            |     4 |    76 |     2 ||    82
